 Dungeon Crawl Stone Soup version 0.22-a0-377-g846bec1 (webtiles) character file.

98786 Amnesiac the Geomancer (level 15, -5/116 HPs)
             Began as a Mummy Wizard on Apr 27, 2018.
             Was a High Priest of Sif Muna.
             Shot with an arrow by a centaur warrior (20 damage)
             ... on level 14 of the Dungeon.
             The game lasted 01:14:19 (37884 turns).

Amnesiac the Geomancer (Mummy Wizard)              Turns: 37884, Time: 01:14:20

Health: -5/116     AC: 15    Str: 10    XL:     15   Next: 75%
Magic:  7/31       EV: 18    Int: 24    God:    Sif Muna [*****.]
Gold:   2130       SH:  4    Dex: 11    Spells: 4/39 levels left

rFire    . . .     SeeInvis .   a - staff of earth
rCold    + . .     Gourm    .   r - +0 buckler
rNeg     + + +     Faith    +   F - +2 robe {rF+}
rPois    ∞         Spirit   .   o - +0 helmet
rElec    .         Reflect  .   J - +0 cloak
rCorr    .         Harm     .   x - +1 pair of gloves
MR       +....                  m - +2 pair of boots
Stlth    ++........             z - amulet of faith
HPRegen  0.29/turn              l - ring of wizardry
MPRegen  0.22/turn              G - +4 ring of protection

@: divine energy
A: no food or potions, fire vulnerability, cold resistance 1, negative energy
resistance 3, torment resistance, unbreathing, in touch with death 1
a: Stop Divine Energy, Channel Magic, Forget Spell, Renounce Religion


You were on level 14 of the Dungeon.
You worshipped Sif Muna.
Sif Muna was extremely pleased with you.
You were not hungry.

You visited 4 branches of the dungeon, and saw 23 of its levels.

You collected 2454 gold pieces.
You spent 324 gold pieces at shops.

Inventory:

Hand Weapons
 b - the +3 hunting sling of Ypischamo {flame, MP+9 Dex+7 SInv Stlth-}
   (You found it on level 6 of the Dungeon)

   It causes projectiles fired from it to burn those they strike, causing extra
   injury to most foes and up to half again as much damage against particularly
   susceptible opponents.
   It affects your dexterity (+7).
   It affects your magic capacity (+9).
   It lets you see invisible.
   It makes you less stealthy.
 O - a +6 blowgun
Missiles
 k - 320 stones (quivered)
 n - 89 sling bullets
Armour
 m - a +2 pair of boots (worn)
 o - a +0 helmet (worn)
 r - a +0 buckler (worn)
 x - a +1 pair of gloves (worn)
 F - a +2 robe of fire resistance (worn)
 J - a +0 cloak (worn)
 L - a +2 robe of magic resistance
Magical Staves
 a - an uncursed staff of earth (weapon)
 q - an uncursed staff of death
 M - an uncursed staff of energy
 R - an uncursed staff of conjuration {unknown}
Jewellery
 l - a ring of wizardry (left hand)
 z - an amulet of faith (around neck)
 B - an uncursed ring of protection from magic
 D - a +3 ring of evasion
 G - a +4 ring of protection (right hand)
 Q - an uncursed ring of resist corrosion
Wands
 f - a wand of iceblast (13)
 u - a wand of enslavement (13)
 v - a wand of disintegration (11)
 w - a wand of paralysis (10)
 y - a wand of clouds (5)
 A - a wand of flame (31)
 H - a wand of acid (12)
 I - a wand of random effects (44)
Scrolls
 c - 2 scrolls of blinking {!r}
 d - 3 scrolls of enchant weapon {!r}
 e - 10 scrolls of teleportation {!r}
 g - 4 scrolls of enchant armour {!r}
 h - 2 scrolls of magic mapping {!r}
 i - 7 scrolls of remove curse {!r}
 j - 5 scrolls of fog {!r}
 p - 4 scrolls of amnesia {!r}
 s - a scroll of torment {!r}
 t - 11 scrolls of identify {!r}
 C - 2 scrolls of noise {!r}
 E - 2 scrolls of brand weapon {!r}
 K - a scroll of fear {!r}
 P - a scroll of holy word {!r}
Miscellaneous
 N - a crystal ball of energy


   Skills:
 + Level 10.3 Fighting
 * Level 12.3 Dodging
 - Level 1.5 Stealth
 - Level 4.0 Shields
 - Level 12.5 Spellcasting
 - Level 6.0 Conjurations
 - Level 0.7 Summonings
 - Level 6.5 Necromancy
 - Level 0.7 Translocations
 - Level 12.5 Earth Magic
 - Level 8.0 Invocations


You had 4 spell levels left.
You knew the following spells:

 Your Spells              Type           Power        Failure   Level  Hunger
a - Iron Shot             Conj/Erth      ######....   6%          6    N/A
b - Passwall              Tmut/Erth      ######....   1%          2    N/A
d - Borgnjor's Vile Clut  Necr/Erth      #######...   1%          5    N/A
e - Petrify               Tmut/Erth      ######..     1%          4    N/A
f - Mephitic Cloud        Conj/Pois/Air  ###.....     2%          3    N/A
g - Sandblast             Erth           ######       0%          1    N/A
h - Summon Lightning Spi  Summ/Air       ###.....     14%         4    N/A
s - Conjure Flame         Conj/Fire      ####....     1%          3    N/A
v - Blink                 Tloc           N/A          1%          2    N/A
w - Lee's Rapid Deconstr  Erth           #######...   1%          5    N/A

Dungeon Overview and Level Annotations

Branches:
Dungeon (14/15)            Temple (1/1) D:7            Lair (6/6) D:9
  Swamp (0/4) Lair:2        Snake (0/4) Lair:4        Slime (0/5) Lair:5
    Orc (2/2) D:10            Elf (0/3) Orc:2        Vaults (0/5) D:14

Altars:
Ashenzari
Cheibriados
Dithmenos
Elyvilon
Fedhas
Gozag
Hepliaklqana
Kikubaaqudgha
Makhleb
Nemelex Xobeh
Okawaru
Qazlal
Ru
Sif Muna
Trog
Uskayaw
Vehumet
Wu Jian
Xom
Yredelemnul
Zin
The Shining One
Beogh
Jiyva

Shops:
D:5 (?=}   Orc:2 [*(=

Annotations:
D:8 1 runed door


Innate Abilities, Weirdness & Mutations

You do not eat or drink.
Your flesh is vulnerable to fire.
You are immune to poison.
Your flesh is cold resistant. (rC+)
You are immune to negative energy. (rN+++)
You are immune to unholy pain and torment.
You can survive without breathing.
You are in touch with the powers of death.


Message History

The centaur shoots an arrow.
The arrow misses you.
Unknown command.
The zombie hands lose their grip on something.
The zombie hands constrict the centaur warrior!
The centaur warrior shoots an arrow.
The arrow hits you!
* * * LOW HITPOINT WARNING * * *
The centaur warrior struggles to escape constriction.
Found a scroll of random uselessness.
You see here an arrow.
The zombie hands lose their grip on something.
You regain access to your magic.
The centaur shoots an arrow.
You block the arrow.
You see here an arrow.
Casting: Borgnjor's Vile Clutch (safe; 1% risk of failure)
Confirm with . or Enter, or press ? or * to list all spells.
Aiming: Borgnjor's Vile Clutch (safe; 1% risk of failure)
Press: ? - help, Dir - move target cursor, f/p - centaur
Aim: a centaur, wielding a shortbow (severely wounded) Out of range.
Okay, then.
Casting: Borgnjor's Vile Clutch (safe; 1% risk of failure)
Confirm with . or Enter, or press ? or * to list all spells.
Okay, then.
Casting: Borgnjor's Vile Clutch (safe; 1% risk of failure)
Confirm with . or Enter, or press ? or * to list all spells.
Okay, then.
Casting: Borgnjor's Vile Clutch (safe; 1% risk of failure)
Confirm with . or Enter, or press ? or * to list all spells.
Aiming: Summon Lightning Spire (safe; 14% risk of failure)
Press: ? - help, Dir - move target cursor, p - centaur You miscast Summon Lightning Spire.
Sif Muna protects you from the effects of your miscast!
Casting: Summon Lightning Spire (safe; 14% risk of failure)
Confirm with . or Enter, or press ? or * to list all spells.
Okay, then.
Casting: Summon Lightning Spire (safe; 14% risk of failure)
Confirm with . or Enter, or press ? or * to list all spells.
Okay, then.
Casting: Summon Lightning Spire (safe; 14% risk of failure)
Confirm with . or Enter, or press ? or * to list all spells.
Aiming: Summon Lightning Spire (safe; 14% risk of failure)
Press: ? - help, Dir - move target cursor An electric hum fills the air.
The centaur unwields an uncursed shortbow.
You block the centaur's attack.
Casting: Summon Lightning Spire (safe; 14% risk of failure)
Confirm with . or Enter, or press ? or * to list all spells.
Aiming: Borgnjor's Vile Clutch (safe; 1% risk of failure)
Press: ? - help, Dir - move target cursor, f - centaur warrior
Aim: a centaur warrior, wielding a shortbow (lightly wounded)
You feel a strong surge of power!
Decaying hands burst forth from the earth!
Zombie hands grab the centaur warrior.
Your lightning spire is unaffected.
Zombie hands grab the centaur. x2
You feel less invigorated.
The zombie hands constrict the centaur warrior.
The zombie hands constrict the centaur. x2
You kill the centaur!
Sif Muna accepts your kill.
The centaur warrior shoots an arrow.
The arrow hits you but does no damage.
The centaur struggles to escape constriction.
The centaur warrior shoots an arrow.
The arrow hits you!!
You die...

c....c...........
....c#..(..#####..
##.....cc..(.......
#..#####..c........
##..# #.....(.....
##...# ##.†.##(....
##....# ##.##......
#.....# #......C..
#.@# ##(.......
#.)# ###.c(......
#8c#####.c.........
#..c(..c...........
#..((.#######......
#..#### ##......
..##..## ##.......
.....? ##........
#...# ##....#....


You could see a centaur warrior, a centaur and a friendly lightning spire.

Vanquished Creatures
  Rupert (Lair:4)
  An orc warlord (D:10)
  The ghost of PeterMcNeter the Fencer, a journeyman TeBe of Trog (D:12)
  A very ugly thing (D:8)
  Nessos (Orc:2)
  Josephine (Lair:4)
  3 vault guards (D:14)
  A great orb of eyes (D:12)
  9 hydras
  4 catoblepae
  4 centaur warriors
  Erica (D:11)
  13 two-headed ogres
  9 death yaks
  3 tengu warriors
  2 orc high priests
  Urug (D:11)
  Sonja (Lair:3)
  A skeletal warrior (D:12)
  3 unseen horrors
  A lindwurm (Lair:6)
  4 orc knights
  4 manticores
  9 ugly things
  3 cyclopes
  4 orc sorcerers
  10 oklob plants
  6 elephants
  2 black mambas
  Psyche (D:8)
  9 spiny frogs
  8 komodo dragons
  A kobold demonologist (D:12)
  A yaktaur (D:12)
  An efreet (D:14)
  2 tengu conjurers (D:14)
  5 trolls
  Prince Ribbit (D:7)
  2 polar bears
  10 dream sheep (Lair:5)
  3 hornets
  7 blink frogs
  A meliai zombie (D:12)
  3 slime creatures (D:14)
  5 hippogriffs
  A hippogriff (shapeshifter) (D:13)
  A shadow (D:12)
  Sigmund (D:7)
  A redback (D:8)
  4 wraiths
  A spriggan (D:9)
  5 wyverns
  A steam dragon (Lair:3)
  55 yaks
  3 basilisks
  Grum (D:8)
  3 hungry ghosts
  A vampire mosquito (D:8)
  5 wargs
  2 soldier ants (D:12)
  Edmund (D:7)
  An acid dragon (D:12)
  11 water moccasins
  6 porcupines
  28 orc warriors
  2 ice beasts
  A black bear (shapeshifter) (D:14)
  4 black bears
  A sky beast (D:12)
  6 necrophages
  3 phantoms
  8 ogres
  An eye of draining (D:14)
  12 centaurs
  5 wolves
  A big kobold (D:14)
  17 crocodiles
  A gnoll sergeant (D:9)
  16 bullfrogs
  2 wyvern zombies
  2 scorpions
  5 wights (D:11)
  5 killer bees (D:11)
  7 electric eels
  A howler monkey (D:4)
  A lava snake (D:10)
  2 bullfrog zombies
  4 crimson imps
  2 centaur zombies
  12 hounds
  6 jellies
  36 orc wizards
  A bullfrog skeleton (D:5)
  22 orc priests
  4 centaur skeletons
  4 iguanas
  10 worker ants
  A killer bee zombie (D:6)
  A bullfrog simulacrum (D:8)
  A hound zombie (D:11)
  5 hound skeletons
  12 gnolls
  A worker ant zombie (D:6)
  A howler monkey skeleton (D:5)
  14 adders
  A shadow imp (D:4)
  3 oozes
  An adder skeleton (D:4)
  4 worms
  2 dart slugs (D:1)
  A leopard gecko (D:1)
  66 orcs
  7 giant cockroaches
  13 goblins
  9 hobgoblins
  9 jackals
  3 quokkas
  A ball python (D:3)
  6 bats
  5 frilled lizards
  A jackal zombie (D:6)
  8 kobolds
  7 rats
  A fungus (Lair:5)
  A plant (Lair:4)
685 creatures vanquished.

Vanquished Creatures (collateral kills)
  A black bear (D:4)
  2 ogres (D:5)
  A scorpion (D:5)
  An orc wizard (D:5)
  An adder (D:2)
  An ooze (D:2)
  2 worms
  A dart slug (D:2)
  A giant cockroach (D:2)
  A hobgoblin (D:2)
  A quokka (D:2)
  A frilled lizard (D:2)
  A kobold (D:2)
15 creatures vanquished.

Vanquished Creatures (others)
  An orc knight (D:8)
  13 fungi
  16 plants
30 creatures vanquished.

Grand Total: 730 creatures vanquished

Notes
Turn   | Place    | Note
-------+----------+-------------------------------------------
     0 | D:1      | Amnesiac the Mummy Wizard began the quest for the Orb.
     0 | D:1      | Reached XP level 1. HP: 13/13 MP: 5/5
   210 | D:1      | Reached skill level 1 in Conjurations
   286 | D:1      | Reached XP level 2. HP: 17/20 MP: 0/7
   290 | D:1      | Learned a level 2 spell: Call Imp
   719 | D:2      | Reached skill level 1 in Fighting
  1167 | D:2      | Reached XP level 3. HP: 13/26 MP: 0/8
  1172 | D:2      | Learned a level 3 spell: Conjure Flame
  1176 | D:2      | Learned a level 3 spell: Mephitic Cloud
  1517 | D:4      | Noticed a black bear
  1784 | D:4      | Killed a black bear
  1784 | D:4      | Reached XP level 4. HP: 30/33 MP: 3/10
  2241 | D:5      | Entered Level 5 of the Dungeon
  2751 | D:5      | Noticed a water moccasin
  2769 | D:5      | Reached XP level 5. HP: 28/38 MP: 7/11
  2858 | D:5      | Killed a water moccasin
  2858 | D:5      | Reached XP level 6. HP: 46/46 MP: 8/12
  3118 | D:5      | Found Qetiarux's Jewellery Shop.
  3542 | D:5      | Noticed an ice beast
  3732 | D:4      | Killed an ice beast
  3732 | D:4      | Reached XP level 7. HP: 24/52 MP: 0/13
  4092 | D:5      | Found Qisatun's Antique Weapon Emporium.
  4113 | D:5      | Reached skill level 5 in Dodging
  4381 | D:5      | Found a sparkling altar of Nemelex Xobeh.
  4455 | D:5      | Found Fiosk's Gadget Shoppe.
  4599 | D:5      | Found Ajysues's Magic Scroll Emporium.
  4602 | D:5      | Bought a scroll of identify for 24 gold pieces
  4602 | D:5      | Bought a scroll of identify for 24 gold pieces
  4900 | D:6      | Found a blossoming altar of Fedhas.
  5131 | D:6      | Reached XP level 8. HP: 52/61 MP: 3/14
  5304 | D:6      | Got a slimy hunting sling
  5444 | D:6      | Found a snail-covered altar of Cheibriados.
  5444 | D:6      | Found a shattered altar of Ashenzari.
  5851 | D:7      | Found a staircase to the Ecumenical Temple.
  6009 | D:7      | Learned a level 2 spell: Blink
  6012 | D:7      | Learned a level 2 spell: Passwall
  6057 | D:7      | Identified the +3 hunting sling of Ypischamo {flame, MP+9 Dex+7 SInv Stlth-} (You found it on level 6 of the Dungeon)
  6716 | Temple   | Entered the Ecumenical Temple
  6721 | Temple   | Became a worshipper of Sif Muna the Loreminder
  7507 | D:2      | Found a shimmering altar of Xom.
  7507 | D:2      | Noticed an angel
  7509 | D:2      | Found a glowing silver altar of Zin.
  7567 | D:2      | Reached skill level 1 in Earth Magic
  7839 | D:5      | Bought a scroll of identify for 24 gold pieces
  7845 | D:5      | Bought a scroll of amnesia for 42 gold pieces
  8499 | D:6      | Reached * piety under Sif Muna
  8697 | D:6      | You fall through a shaft for 3 floors!
  8881 | D:9      | Reached ** piety under Sif Muna
  8881 | D:9      | Reached XP level 9. HP: 57/66 MP: 15/15
  8908 | D:9      | Noticed a two-headed ogre
  8947 | D:9      | Killed a two-headed ogre
  8947 | D:9      | Reached skill level 5 in Spellcasting
  8947 | D:9      | Reached skill level 5 in Earth Magic
  9541 | D:8      | Reached skill level 1 in Shields
  9541 | D:8      | Reached skill level 1 in Invocations
  9760 | D:8      | Found a runed door.
  9760 | D:8      | Noticed a centaur warrior
  9760 | D:8      | Noticed a white very ugly thing
  9760 | D:8      | Noticed an orc knight
  9762 | D:8      | Noticed a cyclops
  9762 | D:8      | Noticed an unseen horror
 10043 | D:8      | Noticed a two-headed ogre
 10072 | D:8      | Killed a two-headed ogre
 10248 | D:8      | Reached XP level 10. HP: 51/73 MP: 20/20
 10256 | D:8      | Learned a level 5 spell: Lee's Rapid Deconstruction
 10347 | D:8      | Noticed Grum
 10378 | D:8      | Killed Grum
 10709 | D:8      | Reached *** piety under Sif Muna
 10757 | D:8      | Noticed Psyche
 10775 | D:8      | Killed Psyche
 11191 | D:8      | Found a hazy altar of Hepliaklqana.
 11192 | D:8      | Found a burning altar of Makhleb.
 11192 | D:8      | Found an ancient bone altar of Kikubaaqudgha.
 11192 | D:8      | Found a white marble altar of Elyvilon.
 11199 | D:8      | Found a stormy altar of Qazlal.
 11199 | D:8      | Found an opulent altar of Gozag.
 11635 | D:7      | Noticed Prince Ribbit
 11640 | D:7      | Killed Prince Ribbit
 11865 | D:7      | Noticed Sigmund
 11866 | D:7      | Killed Sigmund
 11944 | D:7      | Noticed Edmund
 11963 | D:7      | Killed Edmund
 12474 | D:9      | Noticed a two-headed ogre
 12493 | D:9      | Killed a two-headed ogre
 12713 | D:9      | Learned a level 4 spell: Petrify
 12724 | D:9      | Reached **** piety under Sif Muna
 12728 | D:9      | Noticed a two-headed ogre
 12739 | D:9      | Killed a two-headed ogre
 12739 | D:9      | Reached XP level 11. HP: 76/78 MP: 0/23
 12968 | D:9      | Noticed a two-headed ogre
 12976 | D:9      | Killed a two-headed ogre
 13054 | D:9      | Found a staircase to the Lair.
 13485 | D:10     | Entered Level 10 of the Dungeon
 13485 | D:10     | Noticed a two-headed ogre
 13498 | D:9      | Killed a two-headed ogre
 13654 | D:10     | Learned a level 1 spell: Sandblast
 13694 | D:10     | Found Devewuuxi's Food Emporium.
 13846 | D:10     | Reached skill level 5 in Invocations
 14178 | D:10     | Noticed a two-headed ogre
 14235 | D:10     | Killed a two-headed ogre
 14421 | D:10     | Found a staircase to the Orcish Mines.
 14650 | D:10     | Noticed an unseen horror
 14656 | D:10     | Killed an unseen horror
 14877 | D:11     | Reached ***** piety under Sif Muna
 14939 | D:11     | Received a gift from Sif Muna
 15190 | D:11     | Noticed Erica
 15195 | D:11     | Killed Erica
 15411 | D:11     | Noticed Urug
 15416 | D:11     | Killed Urug
 15595 | D:11     | Reached XP level 12. HP: 84/84 MP: 15/25
 16094 | Orc:1    | Entered Level 1 of the Orcish Mines
 16322 | D:10     | Reached skill level 10 in Earth Magic
 16418 | D:10     | Reached skill level 5 in Fighting
 16499 | Orc:1    | Reached skill level 10 in Spellcasting
 16568 | Orc:1    | Noticed an orc high priest
 16571 | Orc:1    | Killed an orc high priest
 16852 | Orc:1    | Found a roughly hewn altar of Beogh.
 17078 | Orc:2    | Identified a paperback manual
 17078 | Orc:2    | Entered Level 2 of the Orcish Mines
 17182 | Orc:2    | Noticed Nessos
 17190 | Orc:2    | Killed Nessos
 17640 | Orc:2    | Noticed an orc high priest
 17857 | Orc:2    | Killed an orc high priest
 18104 | Orc:2    | Noticed an orc warlord
 18736 | Orc:2    | Identified Sif Muna's Disquisition on Ghastly Battle Magic (Sif Muna gifted it to you on level 2 of the Orcish Mines)
 18736 | Orc:2    | Received a gift from Sif Muna
 19159 | Orc:2    | Found a roughly hewn altar of Beogh.
 19447 | Orc:2    | Found Mifidgh's Jewellery Emporium.
 19464 | Orc:2    | Found Fenif's General Store.
 19498 | Orc:2    | Found Tefomotz's Antique Weapon Emporium.
 19545 | Orc:2    | Found Fahufon's Antique Armour Emporium.
 19553 | Orc:2    | Bought a pair of embroidered gloves for 210 gold pieces
 19680 | Orc:2    | Found a staircase to the Elven Halls.
 20585 | D:10     | Killed an orc warlord
 20819 | Lair:1   | Entered Level 1 of the Lair of Beasts
 20819 | Lair:1   | Noticed a seven-headed hydra
 20825 | Lair:1   | Killed a seven-headed hydra
 20825 | Lair:1   | Gained mutation: You are in touch with the powers of death. [Mummy growth]
 20825 | Lair:1   | Reached XP level 13. HP: 94/94 MP: 27/27
 22903 | Lair:2   | Found a staircase to the Swamp.
 23542 | Lair:3   | Identified Sif Muna's Handbook of Ashen Feathers (Sif Muna gifted it to you on level 3 of the Lair of Beasts)
 23542 | Lair:3   | Received a gift from Sif Muna
 23551 | Lair:3   | Learned a level 6 spell: Iron Shot
 24112 | Lair:3   | Noticed Sonja
 24114 | Lair:3   | Killed Sonja
 24351 | Lair:4   | Found a staircase to the Snake Pit.
 24956 | Lair:4   | Noticed Rupert
 26722 | Lair:4   | Killed Rupert
 26722 | Lair:4   | Reached XP level 14. HP: 79/104 MP: 10/30
 27336 | Lair:5   | Noticed Josephine
 27373 | Lair:4   | Killed Josephine
 27643 | Lair:6   | Entered Level 6 of the Lair of Beasts
 28009 | Lair:6   | Reached skill level 10 in Dodging
 28269 | Lair:5   | Found a viscous altar of Jiyva.
 28270 | Lair:5   | Found a staircase to the Slime Pits.
 29276 | Lair:5   | Identified Sif Muna's Incunabulum of Excruciating Necromancy (Sif Muna gifted it to you on level 5 of the Lair of Beasts)
 29276 | Lair:5   | Received a gift from Sif Muna
 29286 | Lair:5   | Learned a level 5 spell: Borgnjor's Vile Clutch
 29444 | Lair:5   | Reached skill level 1 in Necromancy
 29696 | D:8      | Killed a white very ugly thing
 30500 | Lair:6   | Reached skill level 5 in Necromancy
 32164 | Lair:6   | Reached skill level 5 in Conjurations
 32164 | Lair:6   | Reached XP level 15. HP: 102/112 MP: 0/31
 32836 | D:12     | Noticed PeterMcNeter's ghost (journeyman TeBe)
 33099 | D:12     | Killed PeterMcNeter's ghost
 33099 | D:12     | Identified Sif Muna's Papyrus of Necromancy and Attacks (Sif Muna gifted it to you on level 12 of the Dungeon)
 33099 | D:12     | Received a gift from Sif Muna
 36659 | D:14     | Learned a level 4 spell: Summon Lightning Spire
 36667 | D:14     | Learned a level 5 spell: Borgnjor's Vile Clutch
 36942 | D:14     | Found a white marble altar of Elyvilon.
 37215 | D:14     | Reached skill level 10 in Fighting
 37847 | D:14     | Found a gate to the Vaults.
 37884 | D:14     | Shot with an arrow by a centaur warrior

Vault maps used:
D:1:      lemuel_arrival_muddy, solitary_fountain
D:2:      grunt_temple_overflow_order_and_chaos_1
D:3:      cheibrodos_old_hovel, first_ration, hangedman_decor_clover_reticule,
          kennysheep_boxes
D:4:      nicolae_zen_rock_garden, minmay_misc_feat_five,
          hangedman_feature_mirror, minmay_misc_feat_doors, roderic_lattice_a
D:5:      nemelex_altar_shiori, serial_shops, nicolae_shop_overgrown_old_shop,
          nicolae_shop_window_shopping, shop, shop_fountains,
          minmay_ogre_servants
D:6:      gammafunk_temple_overflow_elements, fedhas_altar_decomposition
D:7:      temple_doors_e, sigmund_edmund_badplayer, uniq_prince_ribbit1
D:8:      minmay_gate_of_8, minmay_overflow_temple_hex, uniq_psyche, uniq_grum
D:9:      erik_lair_island, the_bakery
D:10:     orc_0_dummy, serial_shops, nicolae_shop_statue_plus,
          kennysheep_cross_room
D:11:     nicolae_two_hexagons, uniq_erica, uniq_urug
D:12:     minmay_quarter_circles, serial_shops, shop
D:13:     grunt_ministairs_10
D:14:     lightli_vaults_fourway_checkpoint, elyvilon_altar_3, uniq_roxanne
Temple:   minmay_freezing_vapour_temple
Lair:1:   st_stairs_4, serial_bayou_shore_b
Lair:2:   minmay_swamp_entry_reptiles, serial_bayou_ford_a
Lair:3:   uniq_sonja
Lair:4:   dummy_snake_entry, dpeg_oklob_1, uniq_rupert
Lair:5:   beast_lair_carwin_large_2, dpeg_slime_entry_enclosed_altar,
          grunt_megastairs_3, minmay_lair_oklob_chamber, serial_bayou_shore_a,
          uniq_josephine
Lair:6:   evilmike_catoblepas_cave, serial_bayou_crossing
Orc:1:    kennysheep_orc_chapel
Orc:2:    grunt_orc_cross, uniq_nessos

Skill      XL: |  1  2  3  4  5  6  7  8  9 10 11 12 13 14 15 |
---------------+----------------------------------------------+-----
Conjurations   | 1 2 3 4 5 6 |  6.0
Dodging        | 2 3 4 5 6 8 9 10 12 | 12.3
Fighting       | 1 2 3 4 6 7 8 10 | 10.3
Earth Magic    | 4 6 8 9 10 12 | 12.5
Spellcasting   | 6 8 9 10 12 | 12.5
Shields        | 2 4 |  4.0
Invocations    | 2 4 7 8 |  8.0
Necromancy     | 6 |  6.5
Stealth        | |  1.5
Summonings     | |  0.7
Translocations | |  0.7

Action                   |  1- 3 |  4- 6 |  7- 9 | 10-12 | 13-15 || total
-------------------------+-------+-------+-------+-------+-------++-------
Melee: Unarmed           |    42 |       |       |       |       ||    42
       Long sword        |     1 |    51 |    37 |       |       ||    89
       Dagger            |       |       |    51 |       |       ||    51
       Staff             |       |       |       |       |    32 ||    32
 Fire: Hunting sling     |       |       |   341 |   217 |    80 ||   638
 Cast: Magic Dart        |    40 |    44 |    35 |     6 |       ||   125
       Call Imp          |    17 |    13 |    19 |       |     1 ||    50
       Conjure Flame     |     2 |     4 |    21 |     7 |     7 ||    41
       Mephitic Cloud    |     1 |     5 |    19 |     6 |       ||    31
       Blink             |       |       |    12 |     4 |    15 ||    31
       Passwall          |       |       |     1 |     2 |       ||     3
       Lee's Rapid Decon |       |       |       |   275 |   190 ||   465
       Petrify           |       |       |       |    60 |    41 ||   101
       Sandblast         |       |       |       |    76 |   200 ||   276
       Iron Shot         |       |       |       |       |   234 ||   234
       Borgnjor's Vile C |       |       |       |       |    23 ||    23
       Summon Lightning  |       |       |       |       |     1 ||     1
Invok: Divine Energy     |       |       |     1 |       |       ||     1
       Channel Magic     |       |       |       |       |     1 ||     1
Evoke: Wand              |       |       |       |       |     1 ||     1
  Use: Scroll            |     4 |     2 |     3 |     5 |     8 ||    22
 Stab: Confused          |       |     2 |     3 |       |       ||     5
       Distracted        |       |       |     1 |       |       ||     1
       Petrified         |       |       |       |       |     3 ||     3
Armor: Robe              |    13 |    14 |    34 |    25 |    81 ||   167
Dodge: Dodged            |    53 |    85 |   154 |   119 |   271 ||   682
Block: Buckler           |       |       |       |    32 |    77 ||   109
       Rpst.: Long sword |       |    33 |     6 |       |       ||    39

Table legend:
 A = Spawn XP
 B = Non-spawn XP
 C = Spawn XP percentage of total XP
 D = Spawn monster count
 E = Non-spawn monster count
 F = Spawn count percentage of total count
 G = Total turns spent on level
                    A         B        C        D         E        F      G
               +---------+---------+-------+---------+---------+-------+---------
         Total |       0 |  141124 |   0.0 |       0 |     699 |   0.0 | 37884
               +---------+---------+-------+---------+---------+-------+---------
           D:1 |       0 |      54 |   0.0 |       0 |      31 |   0.0 |  1263
           D:2 |       0 |      80 |   0.0 |       0 |      23 |   0.0 |  1154
           D:3 |       0 |      24 |   0.0 |       0 |      11 |   0.0 |   830
           D:4 |       0 |     447 |   0.0 |       0 |      17 |   0.0 |  2169
           D:5 |       0 |     633 |   0.0 |       0 |      24 |   0.0 |  1480
           D:6 |       0 |    1152 |   0.0 |       0 |      24 |   0.0 |  1454
           D:7 |       0 |    1654 |   0.0 |       0 |      19 |   0.0 |  1304
           D:8 |       0 |    8147 |   0.0 |       0 |      57 |   0.0 |  2457
           D:9 |       0 |    6403 |   0.0 |       0 |      39 |   0.0 |  1862
          D:10 |       0 |    5514 |   0.0 |       0 |      22 |   0.0 |  1902
          D:11 |       0 |    5762 |   0.0 |       0 |      42 |   0.0 |  1340
          D:12 |       0 |   14487 |   0.0 |       0 |      54 |   0.0 |  2436
          D:13 |       0 |    8312 |   0.0 |       0 |      31 |   0.0 |  1410
          D:14 |       0 |   13332 |   0.0 |       0 |      43 |   0.0 |  1427
        Lair:1 |       0 |    8034 |   0.0 |       0 |      25 |   0.0 |  1531
        Lair:2 |       0 |    4846 |   0.0 |       0 |      17 |   0.0 |   767
        Lair:3 |       0 |    6873 |   0.0 |       0 |      26 |   0.0 |  1684
        Lair:4 |       0 |   11323 |   0.0 |       0 |      21 |   0.0 |  2746
        Lair:5 |       0 |   14109 |   0.0 |       0 |      45 |   0.0 |  1971
        Lair:6 |       0 |   18043 |   0.0 |       0 |      43 |   0.0 |  2640
         Orc:1 |       0 |    3073 |   0.0 |       0 |      35 |   0.0 |  1138
         Orc:2 |       0 |    8822 |   0.0 |       0 |      50 |   0.0 |  2908
               +---------+---------+-------+---------+---------+-------+---------
